[Event "24th Hoogeschool Zeeland 2022"]
[Site "Vlissingen"]
[Date "2022.08.13"]
[Round "9.15"]
[White "Laux, Dominik"]
[Black "Mensing, Adrian"]
[Result "1-0"]
[ECO "B90"]
[WhiteElo "2320"]
[BlackElo "1956"]
[Annotator "TA"]
[PlyCount "141"]
[EventDate "2022.08.05"]
[EventType "swiss"]
[EventCountry "NED"]
[SourceTitle "playchess.com"]
[Source "ChessBase"]
[SourceQuality "1"]
[TimeControl "40/5400+30:1800+30"]

1. e4 c5 2. Nf3 d6 3. d4 cxd4 4. Nxd4 Nf6 5. Nc3 a6 6. Be3 e5 7. Nb3 Be7 8. f3 Be6 9. Qd2 h5 10. Nd5 Nxd5 11. exd5 Bf5 {[%emt 0:00:22] B90: Sicilian Najdorf: Unusual White 6th moves, 6 Be3 Ng4 and 6 Be3 e5.} 12. Be2 Nd7 {[%emt 0:00:40] 12...a5 is more advanced technology.} 13. O-O Rc8 {[%emt 0:04:59] White is slightly better.} 14. c4 O-O 15. Na5 $1 Qc7 16. b4 Bf6 {[%emt 0:08:49] [#]} ({Black should play} 16... Rfe8 $14) 17. Rac1 $1 $16 b6 {[%emt 0:22:55] Inhibits c5.} 18. Nc6 {[%emt 0:02:33] [#]} a5 $146 ({Predecessor:} 18... Rfe8 19. f4 Bg4 20. Bxg4 hxg4 21. f5 Nb8 22. b5 Nd7 23. Qe2 Qb7 24. a4 Ra8 25. Qxg4 {0-1 (60) Gonzalez Vidal,Y (2502)-Hernandez Carmenates,H (2524) Havana 2006}) 19. bxa5 {[%emt 0:05:04] White is much more active.} Ra8 (19... bxa5 $16 20. Bd3 Bxd3 21. Qxd3 Ra8) 20. axb6 $18 Nxb6 21. c5 Na4 (21... Nd7 22. cxd6 Qxd6) 22. cxd6 Qxd6 23. Bb5 Qa3 24. Rfe1 Bd8 (24... Qb2 $142) 25. Bf2 Kh7 (25... Qb2 $142 26. Qxb2 Nxb2 27. Rxe5 g6) 26. Rxe5 Bg6 27. d6 Bf6 28. Re3 Bc3 $2 (28... Qb2 29. Qxb2 Nxb2) 29. Rexc3 Nxc3 30. Rxc3 Qxa2 31. Qxa2 Ra5 32. Qa3 (32. Qxa5 $142 Be4 33. fxe4 g6 34. d7 Rh8 35. d8=Q Rg8 {[#]} 36. Qxg8+ $3 Kxg8 37. Qd8+ Kg7 38. Bd4+ Kh6 39. Qf6 Kh7 40. Qh8#) 32... Rxa3 33. d7 $2 Ra1+ $2 (33... Rxc3 $11 34. Bh4 Bd3 35. Bxd3+ Rxd3) 34. Bf1 Rd1 35. Bc5 Ra8 36. d8=Q Raxd8 37. Nxd8 Rxd8 38. h4 Bf5 39. Kf2 Rd2+ 40. Kg3 Kg6 41. Be3 Rd6 42. Bb5 Kh7 43. Ba4 Bg6 44. Bc2 Rd7 45. Bxg6+ Kxg6 {[%emt 0:00:00][%mdl 4096] Endgame KRB-KR} 46. Rc6+ f6 47. Bf4 Ra7 48. Rc7 Ra8 49. Bd6 Rd8 50. Bc5 Ra8 51. Kh3 {[%emt 0:00:00] And now g4 would win.} Rb8 52. Bd6 {[%emt 0:00:00][%cal Oc7g7] White threatens Rxg7+! and mate.} Rd8 53. Be7 Re8 54. Bb4 (54. g4 $142 Rb8 55. Kg3) 54... Rb8 (54... Rd8 $142 55. Be7 Rb8) 55. Bc5 {[%emt 0:00:00] Black must now prevent g4.} Ra8 (55... Rd8 $142 56. g4 hxg4+ 57. Kxg4 Kh7) 56. Kg3 (56. g4 $142 Rg8 57. Kg3) 56... Rb8 (56... Rd8 $142 57. Kf4 Rh8) 57. Kf4 Ra8 58. g4 Ra4+ 59. Kg3 {[%emt 0:00:00] Intending gxh5+ and mate.} Ra8 60. gxh5+ {[%emt 0:00:00] White mates.} Kh6 61. Be3+ g5 62. hxg6+ Kxg6 63. Rc5 Ra4 64. h5+ Kf7 65. Rc7+ Ke6 66. h6 Kf5 67. h7 Ra8 68. Rg7 Rh8 69. Bd4 Re8 70. Rg8 Rxg8+ 71. hxg8=R {[%emt 0:00:00] Black got outplayed after the opening.  Weighted Error Value: White=0.31/Black=0.94} 1-0

[Event "24th Hoogeschool Zeeland 2022"]
[Site "Vlissingen"]
[Date "2022.08.13"]
[Round "9.16"]
[White "Zwirs, Jasper"]
[Black "De Jong, Tom"]
[Result "0-1"]
[ECO "B12"]
[WhiteElo "2105"]
[BlackElo "2203"]
[Annotator "TA"]
[PlyCount "74"]
[EventDate "2022.08.05"]
[EventType "swiss"]
[EventCountry "NED"]
[SourceTitle "playchess.com"]
[Source "ChessBase"]
[SourceQuality "1"]
[TimeControl "40/5400+30:1800+30"]

1. e4 c6 2. d4 d5 3. e5 c5 4. dxc5 e6 5. c3 Nd7 {[%emt 0:07:22] [#]} 6. f4 $146 {[%emt 0:08:40] B12: Caro-Kann: Advance Variation.} ({Predecessor:} 6. Nf3 Nxc5 7. c4 Ne4 8. Bd3 Bb4+ 9. Nbd2 Ne7 10. O-O Nxd2 11. Bxd2 Bxd2 12. Nxd2 O-O {½-½ (32) Lobanov,S (2524)-Demidov,M (2571) Sochi 2022}) 6... Bxc5 7. Nf3 Nh6 8. b4 (8. Bd3 $11) 8... Bb6 $17 9. Nd4 a5 10. bxa5 Rxa5 {[%emt 0:05:58][%cal Od7e5] White must now prevent ...Nxe5!} 11. Ba3 {[%emt 0:12:18] [#]} (11. Nd2 $15) 11... Nc5 (11... Nxe5 $1 $17 {[%mdl 512] And now ...Nc6 would win.} 12. Nb3 (12. fxe5 Qh4+ 13. g3 Qe4+ 14. Kd2 Bxd4 $11) (12. Bb4 Nc6) 12... Rxa3 $1 13. Nxa3 Nc6) 12. Bb5+ $11 Bd7 13. Bxd7+ (13. Bxc5 $11 {keeps the balance.} Rxb5 14. Bxb6 Rxb6 15. O-O) 13... Qxd7 $17 ({Don't play} 13... Kxd7 $6 14. Bxc5 (14. Bb4 Ra6 $15) 14... Rxc5 15. Nd2 $11) 14. O-O O-O 15. Bb4 Ra4 {[%emt 0:09:06][%cal Oa4b4] aiming for ...Rxb4!} 16. a3 Rfa8 {[%emt 0:01:17][%cal Oa4b4] ...Rxb4! is the strong threat.} 17. Kh1 Na6 18. Nc2 d4 19. Nd2 (19. Qd3 $17) 19... Qc6 $2 ({Black should play} 19... Nxb4 $19 20. cxb4 Qd5) 20. cxd4 $11 Nf5 21. Rc1 Qd5 22. Nf3 h6 23. Ne3 $2 {[%emt 0:01:40][%mdl 8192] [#] Black continues to play with concentration.} Nxe3 $1 $19 24. Qxa4 Nc7 25. Qxa8+ Nxa8 {[%emt 0:00:03] Pair of Knights!} 26. Rc8+ Kh7 27. Re1 {[%emt 0:00:23] [#]} Bxd4 28. Rxa8 Ng4 $40 {[%emt 0:02:03][%mdl 128] Hoping for ...Nf2+. Black goes for the king.} 29. h3 Nf2+ 30. Kh2 Nd3 31. Rd1 (31. Re2 {was necessary.}) 31... Be3 32. Ne1 $2 (32. Bd2 Nb2 33. Bxe3 Qxd1 34. Rf8) 32... Bxf4+ 33. g3 Qa2+ 34. Ng2 Nf2 35. gxf4 $2 (35. Re1 Nd3 36. gxf4 Nxb4 37. Rf8) 35... Nxd1 {[%emt 0:00:04] Black is clearly winning.} 36. Rd8 Ne3 37. Rd2 Nf1+ {[%emt 0:00:05] Weighted Error Value: White=0.94/Black=0.27 (precise)} 0-1

[Event "24th Hoogeschool Zeeland 2022"]
[Site "Vlissingen"]
[Date "2022.08.13"]
[Round "9.17"]
[White "Bezemer, Arno"]
[Black "Duson, Robin"]
[Result "1-0"]
[ECO "E10"]
[WhiteElo "2278"]
[BlackElo "2027"]
[Annotator "TA"]
[PlyCount "33"]
[EventDate "2022.08.05"]
[EventType "swiss"]
[EventCountry "NED"]
[SourceTitle "playchess.com"]
[Source "ChessBase"]
[SourceQuality "1"]
[TimeControl "40/5400+30:1800+30"]

1. d4 Nf6 2. c4 e6 3. Nf3 c5 4. d5 exd5 5. cxd5 g6 6. e4 {[%emt 0:00:57] E10: Blumenfeld Gambit.} Nxe4 (6... Bg7 $14) 7. Bd3 $1 $16 Nd6 {[%emt 0:04:15] [#]} (7... f5 $16) 8. O-O $1 $18 {[%emt 0:05:07][%mdl 1024] Re1+ is the strong threat. White has strong compensation. White is clearly better.} Be7 {[%emt 0:04:46] [#]} (8... f6 {might work better.} 9. Qc2 Kf7) 9. Bh6 $1 {[%emt 0:00:48] Strongly threatening Re1.} f6 {[%emt 0:02:01] [#]} 10. Re1 $146 ({Predecessor:} 10. Nc3 Kf7 11. h4 Na6 12. Qd2 c4 13. Bb1 Nc5 14. Qf4 Kg8 15. h5 Nd3 16. Bxd3 cxd3 17. Rfe1 b5 18. Rxe7 {1-0 (18) Murey,J (2490)-Gruenfeld,Y (2550) Jerusalem 1986}) 10... Kf7 11. Qc1 {[%emt 0:13:25] aiming for Qf4.} c4 (11... Bf8 {keeps fighting.} 12. Bxf8 (12. Qxc5 Na6 $16) 12... Qxf8) 12. Bxc4 {[%emt 0:04:22] Hoping for Qf4.} Qc7 $2 {[%emt 0:08:28] [#]} (12... Re8 13. Na3 Na6) 13. Qf4 $1 {[%emt 0:16:28] Intending Ng5+ and mate.} Re8 {[%emt 0:05:47] [#]} (13... Qd8 14. Nc3) 14. Nc3 $1 Kg8 (14... Qd8 15. Nb5) 15. Ne4 Qxc4 16. Nxf6+ Kh8 {[%emt 0:00:40] [#]} 17. Qxd6 $3 {[%emt 0:01:22][%mdl 576] Pin. Black did not feel at home in the position after the opening.  Weighted Error Value: White=0.04 (flawless) /Black=1.19} 1-0

[Event "24th Hoogeschool Zeeland 2022"]
[Site "Vlissingen"]
[Date "2022.08.13"]
[Round "9.18"]
[White "Gijsen, William"]
[Black "Lammens, Tim"]
[Result "1/2-1/2"]
[ECO "B12"]
[WhiteElo "2079"]
[BlackElo "2255"]
[Annotator "TA"]
[PlyCount "43"]
[EventDate "2022.08.05"]
[EventType "swiss"]
[EventCountry "NED"]
[SourceTitle "playchess.com"]
[Source "ChessBase"]
[SourceQuality "1"]
[TimeControl "40/5400+30:1800+30"]

1. e4 c6 2. d4 d5 3. e5 Bf5 4. Nf3 e6 5. Be2 Ne7 6. Nc3 {[%emt 0:01:13] B12: Caro-Kann: Advance Variation.} Nd7 7. Be3 c5 8. O-O Bg4 {[%emt 0:13:08] [#]} 9. Nd2 $146 ({Predecessor:} 9. dxc5 Nf5 10. b4 a5 11. a3 Bxf3 12. Bxf3 Nxe5 13. Qe2 Be7 14. Bxd5 exd5 15. Rad1 O-O 16. Nxd5 {½-½ (31) Hirscheider,H-Yeremeyeev,A GER email 2009}) 9... cxd4 10. Bxd4 Nc6 11. Bxg4 {[%emt 0:01:18] [#] Nb3 is the strong threat.} Nxd4 12. Re1 Bc5 (12... Nc6 $17 13. f4 h5) 13. Nf3 (13. Na4 $11) 13... Nxf3+ (13... Nc6 {keeps more tension.} 14. Nxd5 h5 15. Bh3 g5) 14. Qxf3 O-O 15. Rad1 {[%emt 0:15:32][%cal Oc3d5] Prevents Bd4.} Qg5 16. h4 Qxh4 {[%emt 0:03:39][%cal Oc5f2] [#] Threatens to win with ...Bxf2+!} 17. Nxd5 $1 Rad8 ({Much less strong is} 17... exd5 18. Bxd7 d4 19. Qd5 $16 (19. g3 Qe7 $16)) (17... h5 $15 {should be considered.} 18. Bh3 g5 19. Nf6+ (19. Ne7+ Bxe7 20. Rxd7 g4 $15) 19... Nxf6 20. Qxf6 Bb6) 18. g3 $11 {[%emt 0:02:05] Active counter play! The position is equal.} Qg5 19. Qf4 Qxf4 20. Nxf4 Nb6 21. Nd3 Be7 22. Bf3 {[%emt 0:00:45] Weighted Error Value: White=0.17 (very precise) /Black=0.14 (very precise)} 1/2-1/2

[Event "24th Hoogeschool Zeeland 2022"]
[Site "Vlissingen"]
[Date "2022.08.13"]
[Round "9.19"]
[White "Dougherty, Michael"]
[Black "Weber, Dirk"]
[Result "1-0"]
[ECO "E10"]
[WhiteElo "2073"]
[BlackElo "2208"]
[Annotator "TA"]
[PlyCount "117"]
[EventDate "2022.08.05"]
[EventType "swiss"]
[EventCountry "NED"]
[SourceTitle "playchess.com"]
[Source "ChessBase"]
[SourceQuality "1"]
[TimeControl "40/5400+30:1800+30"]

1. Nf3 Nf6 2. c4 c5 3. Nc3 e6 4. e3 Be7 5. d4 a6 6. Bd3 {[%emt 0:02:35] E10: Blumenfeld Gambit.} O-O 7. O-O d6 8. b3 {[%emt 0:01:46] [#] White is slightly better.} Re8 $146 ({Predecessor:} 8... Nbd7 9. Bb2 b6 10. Qe2 Re8 11. Rfd1 Qc7 12. Rac1 Bb7 13. h3 Rac8 14. Bb1 Qb8 {1-0 (58) Riazantsev,A (2666)-Gubsky,E (2303) Sochi 2017}) 9. Bb2 Qc7 10. Qe2 Nbd7 11. Rad1 b6 12. Ng5 h6 13. f4 Bb7 {[%emt 0:03:07] Against d5} (13... hxg5 14. fxg5 cxd4 15. exd4 $16) 14. Nf3 Bf8 15. Bb1 Rad8 16. Kh1 (16. d5 $14) 16... g6 17. a4 (17. dxc5 $142 Qxc5 18. e4) 17... Bg7 18. h3 (18. e4 $11 {keeps the balance.}) 18... cxd4 $1 $17 19. Nxd4 e5 20. Ndb5 axb5 $19 21. Nxb5 Qb8 22. f5 Nf8 23. Ba3 d5 $1 24. cxd5 e4 {[%emt 0:06:23] White must now prevent ...Nh5.} 25. d6 Ba6 $1 26. fxg6 fxg6 27. Qc4+ Kh8 $1 28. Rxf6 Bxf6 29. Bxe4 (29. Qf7 $142 Bg7 30. Nc7) 29... Bxb5 30. axb5 Bg7 31. Qd3 Qa7 32. Bb4 Qf7 33. Bc6 Re5 34. e4 Nd7 35. Rf1 Qe6 {[%emt 0:02:50] ...Nc5 is the strong threat.} 36. Bd5 {[%emt 0:00:34] [#]} Rxd5 37. exd5 $17 Qe8 ({Black should try} 37... Qe5 $1 $17 38. Re1 Qd4) 38. Re1 {[%emt 0:00:17] [#]} Qf7 39. Re7 Qf5 40. Qe3 {[%emt 0:00:59][%cal Oe7g7] Hoping for Rxg7!} (40. Qxf5 gxf5 41. g3 Bf6 $17) 40... Rf8 $2 (40... Qxd5 $2 {[#]} 41. Rxg7 $1 Kxg7 42. Qe7+ Qf7 43. Bc3+ (43. Qxd8 Qf1+ 44. Kh2 Qf4+ 45. Kg1 Qd4+ 46. Kf1 Qd3+ 47. Kf2 Qd4+ 48. Ke2 Qe4+ 49. Kd1 Qb1+ 50. Kd2 Qb2+ 51. Ke1 Qe5+ 52. Kd1 Qa1+ 53. Kc2 Qa2+ 54. Kd3 Qb1+ 55. Kd2 Qb2+ 56. Ke1 Qe5+ 57. Kd1 Qa1+ 58. Ke2 Qe5+ 59. Kd3 Qxb5+ 60. Kc2 Ne5 $16) 43... Kg8 44. Qxd8+ Qf8 45. Qh4 (45. Qxd7 Qf1+ 46. Kh2 Qf4+ 47. g3 Qf2+ 48. Kh1 Qf1+ 49. Kh2 Qf2+ 50. Kh1 Qf1+ 51. Kh2 Qf2+ $11) 45... Qxd6 46. Qxh6 Qd1+ 47. Kh2 Qd6+ 48. g3 $18) (40... Rc8 $1 $15 {stays ahead.}) 41. Bc3 $18 {[%emt 0:01:28] White threatens Qxh6+ and mate.} Nf6 42. d7 $1 {[%emt 0:00:46][%cal Oe7g7] Intending Rxg7! and mate.} Kg8 {[%emt 0:07:58] [#]} (42... g5 $18 43. Rf7 Rxf7 44. d8=Q+ Kh7) 43. Rxg7+ $1 {[%emt 0:03:44][%mdl 576] Clearance} Kxg7 44. Qe7+ (44. d8=Q $142 Rxd8 45. Qe7+ Kg8 46. Bxf6 Qf1+ 47. Kh2 Qf4+ 48. Kg1 Qc1+ 49. Kf2 Qf4+ 50. Ke2 Qxf6 51. Qxf6 Re8+ 52. Kd3) 44... Kg8 {[%emt 0:01:12] [#]} 45. Qxf8+ $3 Kxf8 46. d8=Q+ {[%emt 0:00:09][%mdl 4096] Endgame KQB-KQN} Ne8 (46... Kf7 $142 47. Qxb6 Nxd5 48. Qb7+ Ne7) 47. Qxb6 Qf1+ 48. Qg1 Qxb5 49. Qf2+ Ke7 50. Qe3+ Kd8 51. Qe5 h5 $2 (51... Qb6 52. Qf4 g5) 52. Kh2 Qb6 53. Bd4 Qxb3 (53... Qb4 $142 54. Qe4 Qb7) 54. Qe6 {[%emt 0:01:43] Bb6+ would kill now.} Qb8+ 55. Be5 Qb7 56. h4 (56. d6 $142 g5 57. Qf5) 56... Qb1 57. d6 Qb5 58. Bf6+ Nxf6 59. Qe7+ {[%emt 0:00:07] What a bad dream for Black.  Weighted Error Value: White=0.43/Black=0.50} 1-0

[Event "24th Hoogeschool Zeeland 2022"]
[Site "Vlissingen"]
[Date "2022.08.13"]
[Round "9.20"]
[White "Nieuwelink, Kees"]
[Black "Shakhverdian, William"]
[Result "1/2-1/2"]
[ECO "C50"]
[WhiteElo "2200"]
[BlackElo "2040"]
[Annotator "TA"]
[PlyCount "41"]
[EventDate "2022.08.05"]
[EventType "swiss"]
[EventCountry "NED"]
[SourceTitle "playchess.com"]
[Source "ChessBase"]
[SourceQuality "1"]
[TimeControl "40/5400+30:1800+30"]

1. e4 e5 2. Nf3 Nc6 3. Bc4 Bc5 4. O-O Nf6 5. d4 Bxd4 6. Nxd4 Nxd4 7. Bg5 d6 $1 {[%emt 0:02:26] 7...d6 scores better than 7...h6.} (7... h6 $5 8. Be3 Nc6 $15) 8. f4 {[%emt 0:00:15] C50: Hungarian Defence and Giuoco Pianissimo.} Bg4 9. Bxf6 Bxd1 10. Bxd8 Rxd8 11. Rxd1 {[%emt 0:00:29] [#] And now Na3 would win.} Nxc2 12. Nc3 Nxa1 13. Rxa1 exf4 14. Nd5 c6 (14... Kd7 $5 ) 15. Nxf4 O-O {[%emt 0:00:06] [#]} 16. Kf2 $146 {[%emt 0:10:56] The position is equal.} ({Predecessor:} 16. Rc1 Rfe8 17. Bd3 Re5 18. b4 a5 19. b5 Rc5 20. Rb1 Rc3 21. Rd1 Kf8 22. Kf2 {0-1 (30) Genocchio,D (2361)-Barp,A (2374) Civitanova Marche 2021}) 16... Rfe8 17. Kf3 Re5 18. Rd1 Kf8 19. g4 a5 20. a4 Rde8 {[%emt 0:02:17] [#] White must now prevent ...g5.} 21. Rd4 {[%emt 0:00:09] Weighted Error Value: White=0.06 (flawless) /Black=0.11 (very precise)} 1/2-1/2

[Event "24th Hoogeschool Zeeland 2022"]
[Site "Vlissingen"]
[Date "2022.08.13"]
[Round "9.21"]
[White "Baarslag, Ed"]
[Black "Verwoert, Jef"]
[Result "1-0"]
[ECO "A46"]
[WhiteElo "2161"]
[BlackElo "1998"]
[Annotator "TA"]
[PlyCount "74"]
[EventDate "2022.08.05"]
[EventType "swiss"]
[EventCountry "NED"]
[SourceTitle "playchess.com"]
[Source "ChessBase"]
[SourceQuality "1"]
[TimeControl "40/5400+30:1800+30"]

1. d4 Nf6 2. Nf3 c5 3. g3 cxd4 4. Nxd4 Nc6 5. Nxc6 dxc6 6. Qxd8+ {[%emt 0:02:43] A46: 1 d4 Nf6 2 Nf3 e6: Torre, London and Colle Systems.} Kxd8 {[%emt 0:00:07] [#]} 7. Bg2 $146 ({Predecessor:} 7. f3 e5 8. e4 Bc5 9. Nd2 Ke7 10. Nc4 Nd7 11. Bh3 f6 12. Be3 Bxe3 13. Nxe3 {½-½ (53) Filippas Ntekouan,S (2145)-Nabaty,T (2421) Sibenik 2007}) 7... Bf5 8. c3 e6 9. Nd2 Bd6 10. Nc4 Bc7 11. a4 (11. Be3 {feels hotter.} e5 12. Bc5 Ne4 13. Ba3) 11... Be4 12. Bxe4 (12. f3 $5 Bc2 13. Be3 $14) 12... Nxe4 13. Be3 b6 14. f3 Nf6 15. Bf2 Ke7 16. Kd2 Rhc8 17. Rhc1 Nd7 18. b4 Ne5 19. Ne3 f6 20. f4 Nf7 21. Nc4 Rd8+ 22. Kc2 Nd6 (22... e5 {with more complications.} 23. f5 Ng5 24. Be3 Ne4) 23. Nxd6 Bxd6 24. Rd1 Bc7 25. Rxd8 Rxd8 $14 {[%emt 0:00:00][%mdl 4096] Endgame KRB-KRB} 26. e4 g6 27. Be3 Rd7 28. h3 Rd8 29. Re1 Kf7 30. Rf1 Re8 31. Rd1 Rd8 32. Rxd8 Bxd8 $11 {[%emt 0:00:04] KB-KB} 33. b5 Ke7 34. c4 Kd7 35. Kd3 Bc7 36. Bd4 e5 37. Be3 c5 {[%emt 0:00:00] Weighted Error Value: White=0.10 (very precise) /Black=0.11 (very precise)} (37... cxb5 $11 {remains equal.} 38. cxb5 exf4 39. gxf4 f5) 1-0

[Event "24th Hoogeschool Zeeland 2022"]
[Site "Vlissingen"]
[Date "2022.08.13"]
[Round "9.22"]
[White "Tabak, Stefan"]
[Black "Lichtmannecker, Daniel"]
[Result "0-1"]
[ECO "B19"]
[WhiteElo "2181"]
[BlackElo "2013"]
[Annotator "TA"]
[PlyCount "64"]
[EventDate "2022.08.05"]
[EventType "swiss"]
[EventCountry "NED"]
[SourceTitle "playchess.com"]
[Source "ChessBase"]
[SourceQuality "1"]
[TimeControl "40/5400+30:1800+30"]

1. e4 c6 2. d4 d5 3. Nc3 dxe4 4. Nxe4 Bf5 5. Ng3 Bg6 6. Nf3 Nd7 7. h4 h6 8. h5 Bh7 9. Bd3 Bxd3 10. Qxd3 Ngf6 11. Bf4 Qa5+ 12. Bd2 Qc7 13. O-O-O e6 14. Rhe1 O-O-O 15. Qe2 Bd6 16. Ne5 Rhf8 17. f4 c5 {[%emt 0:04:53] B19: Classical Caro-Kann: 4...Bf5 main line.} 18. dxc5 Nxc5 19. Kb1 Kb8 {[%emt 0:17:43] The position is equal.} 20. Qf3 {[%emt 0:05:39] [#]} Rc8 $146 ({Predecessor:} 20... Rfe8 21. Nc4 Bf8 22. Bc3 Ncd7 23. Ne5 Nc5 24. Nc4 Ncd7 25. Ne5 Nxe5 26. Bxe5 Bd6 27. Bxd6 Rxd6 28. Rxd6 Qxd6 {0-1 (48) Mazurek,J (1607)-Rozycki,B (2134) Warsaw 2018}) 21. Nc4 {[%emt 0:12:21] Ba5 is the strong threat.} Na4 22. b3 Nd5 23. Ne4 Be7 {[%emt 0:02:53][%cal Ob7b5] Strongly threatening ...b5!} 24. f5 b5 25. Bc1 {[%emt 0:05:05] [#]} Rfd8 $1 26. fxe6 {[%emt 0:08:37] [#]} fxe6 27. bxa4 {[%emt 0:04:29] aiming for Na3.} bxc4 28. Ka1 $1 {[%emt 0:08:08][%cal Od1d5] [#] And now Rxd5! would win.} Qa5 (28... Ka8 $1 $17 {White must now prevent ...Rb8.} 29. Nc3 Bf6) 29. Bf4+ (29. Ba3 $1 $11 Bxa3 30. Qxa3) 29... Ka8 $15 30. Be5 {[%emt 0:01:05] [#]} Rf8 $1 ({Much weaker is} 30... Qxa4 $6 31. Nc3 Qd7 32. Re4 $11) 31. Qh3 (31. Qe2 $17) 31... Nb4 $19 32. Re2 Qxe5+ {[%emt 0:00:18] Weighted Error Value: White=0.76/Black=0.12 (very precise)} 0-1

[Event "24th Hoogeschool Zeeland 2022"]
[Site "Vlissingen"]
[Date "2022.08.13"]
[Round "9.23"]
[White "Bazilius, Augustinas"]
[Black "Tiggelman, Rene"]
[Result "1-0"]
[ECO "A90"]
[WhiteElo "2045"]
[BlackElo "2165"]
[Annotator "TA"]
[PlyCount "61"]
[EventDate "2022.08.05"]
[EventType "swiss"]
[EventCountry "NED"]
[SourceTitle "playchess.com"]
[Source "ChessBase"]
[SourceQuality "1"]
[TimeControl "40/5400+30:1800+30"]

1. d4 e6 2. c4 f5 3. Nf3 Nf6 4. g3 d5 5. Bg2 c6 6. O-O Bd6 7. Nc3 O-O 8. Rb1 Ne4 9. Qc2 Nd7 10. b4 b5 {[%emt 0:00:15] 10...b5 was played by the boomers. A90: Dutch Defence: Miscellaneous and Modern Stonewall (with ...Bd6).} 11. c5 Bc7 {[%emt 0:04:14] [#]} 12. a4 $146 ({Predecessor:} 12. Nd1 a5 13. Nb2 axb4 14. Nd3 Bb7 15. Rxb4 Qe7 16. Bf4 Ba5 17. Rb3 g5 18. Bc1 {½-½ (122) Timko,V (2398)-Chaika,I (2473) ICCF email 2014}) 12... bxa4 {[%emt 0:13:09] The position is equal.} 13. Nxa4 Ba6 14. Nb2 Bb5 15. Nd3 g5 16. Nfe5 Nxe5 17. dxe5 a5 (17... d4 $14) 18. f3 $16 axb4 19. fxe4 $18 fxe4 (19... b3 $16 {was worth a try.} 20. Qxb3 fxe4) 20. Rxf8+ Qxf8 21. Nxb4 Bxe5 (21... Qg7 $16 {might work better.} 22. Bb2 Bxe5) 22. Be3 (22. Bxg5 $18 {Strongly threatening Bh3.} Bd4+ 23. e3 Bxc5 24. Qc3) 22... Qg7 23. Bxe4 dxe4 $11 24. Qxe4 Rc8 (24... Qg6 $11 25. Qxg6+ hxg6) 25. Nd3 $18 Bxd3 26. exd3 {[%emt 0:00:00] [#] Black must now prevent d4.} Rd8 {[%emt 0:12:46] Against d4} 27. Qxc6 Qf6 28. Qe4 {[%emt 0:00:00] And now Rf1 would win.} Bd4 29. Bxd4 Qxd4+ {[%emt 0:00:27] [#]} (29... Rxd4 $18 30. Rb8+ Kg7 31. Rb7+ Kf8 32. Qxh7 Rd8) 30. Qxd4 Rxd4 31. c6 {[%emt 0:00:00] Weighted Error Value: White=0.21 (precise) /Black=0.65} 1-0

[Event "24th Hoogeschool Zeeland 2022"]
[Site "Vlissingen"]
[Date "2022.08.13"]
[Round "9.24"]
[White "Van Wijk, Peter"]
[Black "Cordes, Hans-Joerg"]
[Result "0-1"]
[ECO "B90"]
[WhiteElo "2016"]
[BlackElo "2154"]
[Annotator "TA"]
[PlyCount "108"]
[EventDate "2022.08.05"]
[EventType "swiss"]
[EventCountry "NED"]
[SourceTitle "playchess.com"]
[Source "ChessBase"]
[SourceQuality "1"]
[TimeControl "40/5400+30:1800+30"]

1. e4 c5 2. Nf3 d6 3. d4 cxd4 4. Nxd4 Nf6 5. Nc3 a6 6. f3 e5 7. Nb3 Be7 8. Be3 h5 9. Qd2 Be6 10. Nd5 {[%emt 0:01:25] B90: Sicilian Najdorf: Unusual White 6th moves, 6 Be3 Ng4 and 6 Be3 e5.} Bxd5 11. exd5 Nbd7 12. c4 {[%emt 0:16:31] White is slightly better.} a5 13. Rc1 b6 14. Be2 Nc5 ({Don't take} 14... a4 15. Na1 $16) 15. Nxc5 bxc5 {[%emt 0:00:52] [#]} 16. Bd3 $146 ({Predecessor:} 16. Bd1 Nd7 17. O-O f5 18. Bc2 O-O 19. a4 Rf7 20. b3 Nf8 21. Kh1 g6 22. Rce1 {1-0 (42) Warmerdam,M (2383)-Lahaye,R (2363) Netherlands 2016}) 16... Nd7 17. Rc3 O-O 18. O-O f5 19. Rb3 Rb8 20. Rxb8 Nxb8 21. g4 (21. b3 $16) 21... e4 22. fxe4 fxg4 23. Rxf8+ Bxf8 24. e5 {[%emt 0:06:39] [#] Strongly threatening e6.} dxe5 ({Black should try} 24... Nd7 $1 $14) 25. Qf2 Nd7 26. Qf5 Nf6 {[%emt 0:02:12] Inhibits Qh7+.} 27. Qe6+ Kh8 {[%emt 0:00:07] [#]} 28. Qxe5 (28. Bg5 $1 $16) 28... Bd6 $14 29. Qe6 (29. Qf5 $1 $14) 29... Qb8 $11 30. Bg5 {[%emt 0:02:03] A strong pair of Bishops.} Qxb2 31. Qxd6 {[%emt 0:00:39] Qf8+ would kill now.} Qd4+ 32. Kg2 {[%emt 0:00:23] White wants to mate with Bxf6.} Qxd3 {[%emt 0:00:09] Really sharp!} 33. Bxf6 Qf3+ 34. Kg1 {[%emt 0:00:03] White threatens Qf8+ and mate.} gxf6 35. Qxc5 {[%emt 0:00:14][%mdl 4096] Endgame KQ-KQ} Qd1+ 36. Kg2 Qc2+ 37. Qf2 Qe4+ 38. Kg1 Kg7 39. Qd2 Qxc4 {[%emt 0:01:09] Hoping for ...Qc5+.} 40. Qxa5 (40. d6 $1 $11 {was the only way to keep the balance.}) 40... Qd4+ $17 41. Kg2 Kg6 {[%emt 0:01:33] aiming for ...h4.} 42. Qb5 Qe4+ 43. Kg1 $2 {[%emt 0:00:39][%mdl 8192] Now White is beyond hope.} (43. Kf2 $17) 43... h4 $19 {[%emt 0:00:24] Threatens to win with ...h3.} 44. a4 h3 45. Kf2 Qf3+ {[%emt 0:00:55] Black mates.} 46. Ke1 Qh1+ 47. Kd2 Qxh2+ 48. Kd3 Qe5 49. Kc4 Qe2+ 50. Kc5 Qxb5+ 51. axb5 h2 52. b6 h1=Q 53. b7 Qb1 54. Kc6 Kf7 {[%emt 0:23:15] Weighted Error Value: White=0.46/Black=0.08 (flawless)} 0-1